 Dungeon Sprint DCSS version 0.17-a0-1554-g3b847ca (webtiles) character file.

7490 nuthulu the Peltast (level 11, 0/101 HPs)
             Began as a Formicid Fighter on July 19, 2015.
             Was a High Priest of Okawaru.
             Slain by a skeletal warrior
             ... wielding a +2 vampiric short sword
              (8 damage)
             ... in the Dungeon (Sprint VII: "The Pits").
             The game lasted 00:06:10 (2469 turns).

nuthulu the Peltast (Formicid Fighter)              Turns: 2469, Time: 00:06:10

Health: 0/101      AC: 23    Str: 21    XL:     11   Next: 38%
Magic:  9/11       EV: 10    Int: 14    God:    Okawaru [*****.]
Gold:   0          SH: 16    Dex: 13    Spells: 0 memorised, 10 levels left

rFire  . . .     SeeInvis +     d - +2 war axe (freeze)
rCold  . . .     Clarity  .     s - +3 plate armour
rNeg   . . .     SustAt   .     c - +0 shield
rPois  .         Gourm    .     (helmet unavailable)
rElec  .         Spirit   .     b - +0 cloak
rCorr  .         Warding  .     (no gloves)
rMut   .         Stasis   +     (no boots)
MR     +....                    (no amulet)
Stlth  ..........               q - +3 ring of intelligence
                                p - +3 ring of intelligence

@: heroism, mesmerised, somewhat resistant to hostile enchantments, extremely
unstealthy
A: permanent stasis, dig shafts and tunnels, four strong arms, antennae 3
a: Dig, Heroism, Renounce Religion


You were in the Dungeon.
You worshipped Okawaru.
Okawaru was extremely pleased with you.
You were full.

You visited 1 branch

Inventory:

Hand weapons
 a - a +0 war axe
 d - a +2 war axe of freezing (weapon)
 g - a +1 hand axe of chopping
Armour
 b - a +0 cloak (worn)
 c - a +0 shield (worn)
 s - a +3 plate armour (worn)
Jewellery
 p - a +3 ring of intelligence (left hand)
 q - a +3 ring of intelligence (right hand)
Scrolls
 k - a scroll of blinking
Potions
 f - 5 potions of curing
 h - 2 potions of haste
 i - 4 potions of magic
 j - 3 potions of berserk rage
 l - 13 potions of heal wounds
 o - a potion of invisibility
 r - a potion of cure mutation
 t - 2 potions of cancellation {unknown}
Comestibles
 e - 7 bread rations
 m - 40 fruits
 n - 6 meat rations


   Skills:
 + Level 14.5(19.5) Fighting
 + Level 13.3(18.3) Axes
 + Level 14.5(19.5) Armour
 + Level 15.5(20.5) Shields


You had 10 spell levels left.
You didn't know any spells.

Dungeon Overview and Level Annotations

Branches:
Dungeon (1/1)

Altars:
Ashenzari
Cheibriados
Dithmenos
Elyvilon
Fedhas
Gozag
Kikubaaqudgha
Makhleb
Nemelex Xobeh
Okawaru
Qazlal
Ru
Sif Muna
Trog
Vehumet
Xom
Yredelemnul
Zin
The Shining One
Beogh
Jiyva
Lugonu


Innate Abilities, Weirdness & Mutations

You are under a permanent stasis effect.
You can dig through walls and to a lower floor.
Your four strong arms can wield two-handed weapons with a shield.
You have a pair of large antennae on your head (SInv).


Message History

You closely miss the skeletal warrior.
The skeletal warrior is lightly damaged.
The skeletal warrior hits you but does no damage. x2
You block the skeletal warrior's attack.
The siren chants its luring song.
Unknown command.
Use which ability? (? or * to list)
You feel more confident with your borrowed prowess.
You feel slightly less full.
The skeletal warrior hits you but does no damage.
You block the skeletal warrior's attack.
The skeletal warrior hits you with a trident!
* * * LOW HITPOINT WARNING * * *
The siren chants its luring song.
Your plate armour prevents you from hitting the skeletal warrior.
The skeletal warrior is moderately damaged.
You completely miss the skeletal warrior.
The skeletal warrior is lightly damaged.
The skeletal warrior hits you with a vampiric short sword!
You die...

.....# {{ .....# #####
################ ###
#..............###..# ..
##......).......#..# #.#
####...#)######...# ....
#..#####.##.).##z## #.#.#
#....##...#...#.@.#......
'.....#...#...#(.z#l.....
'.....'...'.)))...zg{....
'.....#...#..)#...#m5....
#....##...#...#...#K.....
#..#####.##...##+## #.#.#
####...#'######..)# ....
##...)..[...(...#..# #.#
#..............###..# .


You could see 3 skeletal warriors, a siren, a gnoll, a white imp and a kobold.

Vanquished Creatures
  Erica (D)
  A centaur warrior (D)
  An orc high priest (D)
  An orc sorcerer (D)
  Joseph (D)
  A smoke demon (D)
  A molten gargoyle (D)
  2 komodo dragons (D)
  A fire drake (D)
  A demonic crawler (D)
  A red devil (D)
  A merfolk (D)
  A two-headed ogre (D)
  Grinder (D)
  A troll (D)
  2 bog bodies (D)
  A tarantella (D)
  A shadow (D)
  A fire bat (D)
  2 hungry ghosts (D)
  A soldier ant (D)
  Edmund (D)
  A wolf (D)
  A black bear (D)
  An ice beast (D)
  A centaur (D)
  An orc warrior (D)
  A water moccasin (D)
  A giant frog (D)
  A gnoll sergeant (D)
  A scorpion (D)
  A gnoll shaman (D)
  Jessica (D)
  An iron imp (D)
  2 iguanas (D)
  An adder (D)
  14 gnolls (D)
  A white imp (D)
  A giant eyeball (D)
  An adder skeleton (D)
  A giant gecko (D)
  2 orcs (D)
  A giant cockroach (D)
  A hobgoblin (D)
  A ball python (D)
  A ball python simulacrum (D)
  A giant newt (D)
  2 jackals (D)
  A jackal skeleton (D)
  A rat (D)
69 creatures vanquished.

Notes
Turn   | Place    | Note
--------------------------------------------------------------
     0 | D        | nuthulu the Formicid Fighter began the quest for the Orb.
     0 | D        | Reached XP level 1. HP: 18/18 MP: 1/1
    17 | D        | Reached skill level 4 in Fighting
    17 | D        | Reached XP level 2. HP: 18/25 MP: 2/2
   123 | D        | Found a sacrificial altar of Ru.
   123 | D        | Found a basalt altar of Yredelemnul.
   123 | D        | Found a shadowy altar of Dithmenos.
   123 | D        | Found a deep blue altar of Sif Muna.
   123 | D        | Found a burning altar of Makhleb.
   123 | D        | Found a shimmering altar of Xom.
   123 | D        | Found an ancient bone altar of Kikubaaqudgha.
   123 | D        | Found a sparkling altar of Nemelex Xobeh.
   124 | D        | Found a glowing golden altar of the Shining One.
   124 | D        | Found a bloodstained altar of Trog.
   124 | D        | Found a shattered altar of Ashenzari.
   124 | D        | Found a white marble altar of Elyvilon.
   124 | D        | Found a snail-covered altar of Cheibriados.
   124 | D        | Found a blossoming altar of Fedhas.
   124 | D        | Found a radiant altar of Vehumet.
   124 | D        | Found a glowing silver altar of Zin.
   124 | D        | Found a corrupted altar of Lugonu.
   124 | D        | Found a viscous altar of Jiyva.
   124 | D        | Found a roughly hewn altar of Beogh.
   124 | D        | Found an iron altar of Okawaru.
   129 | D        | Found a stormy altar of Qazlal.
   129 | D        | Found an opulent altar of Gozag.
   132 | D        | Became a worshipper of Warmaster Okawaru
   172 | D        | Reached skill level 5 in Shields
   172 | D        | Reached XP level 3. HP: 27/31 MP: 3/3
   173 | D        | Noticed Grinder
   182 | D        | HP: 1/32 [Grinder (4)]
   189 | D        | Killed Grinder
   189 | D        | Acquired Okawaru's first power
   189 | D        | Reached skill level 7 in Fighting
   189 | D        | Reached skill level 8 in Shields
   189 | D        | Reached XP level 4. HP: 11/43 MP: 4/4
   189 | D        | Reached XP level 5. HP: 12/48 MP: 5/5
   189 | D        | Reached XP level 6. HP: 13/55 MP: 6/6
   446 | D        | Noticed a gnoll sergeant
   447 | D        | Noticed a gnoll shaman
   448 | D        | Noticed a black bear
   470 | D        | Killed a gnoll sergeant
   484 | D        | Killed a gnoll shaman
   484 | D        | Reached skill level 9 in Shields
   484 | D        | Reached XP level 7. HP: 60/62 MP: 7/7
   507 | D        | Killed a black bear
   529 | D        | Noticed an ice beast
   542 | D        | Killed an ice beast
   542 | D        | Reached skill level 10 in Shields
   785 | D        | Noticed a scorpion
   790 | D        | Killed a scorpion
   793 | D        | Noticed a demonic crawler
   814 | D        | Killed a demonic crawler
   814 | D        | Reached XP level 8. HP: 40/72 MP: 5/8
   960 | D        | Noticed an iguana
   960 | D        | Noticed an iron imp
   960 | D        | Noticed a water moccasin
   962 | D        | Killed a water moccasin
   962 | D        | Reached skill level 10 in Fighting
   962 | D        | Reached skill level 10 in Armour
   962 | D        | Reached skill level 11 in Shields
   976 | D        | Killed an iguana
   978 | D        | Killed an iron imp
   983 | D        | Noticed a centaur
   984 | D        | Noticed Edmund
   998 | D        | Killed a centaur
  1003 | D        | Killed Edmund
  1130 | D        | Noticed a two-headed ogre
  1130 | D        | Noticed a smoke demon
  1144 | D        | Killed a two-headed ogre
  1144 | D        | Reached XP level 9. HP: 41/79 MP: 6/9
  1147 | D        | Killed a smoke demon
  1147 | D        | Reached skill level 10 in Axes
  1147 | D        | Reached skill level 12 in Shields
  1380 | D        | Noticed Jessica
  1380 | D        | Noticed Joseph
  1381 | D        | Noticed a bog body
  1381 | D        | Noticed a shadow
  1382 | D        | Noticed a soldier ant
  1389 | D        | Killed a shadow
  1389 | D        | Killed a bog body
  1390 | D        | Killed Jessica
  1403 | D        | Killed a soldier ant
  1415 | D        | Killed Joseph
  1415 | D        | Reached skill level 13 in Shields
  1660 | D        | Noticed a merfolk
  1660 | D        | Noticed an iguana
  1667 | D        | Killed an iguana
  1671 | D        | Killed a merfolk
  1671 | D        | Reached XP level 10. HP: 85/89 MP: 7/10
  1703 | D        | Noticed a bog body
  1704 | D        | Noticed an orc sorcerer
  1706 | D        | Killed a bog body
  1707 | D        | Noticed a hungry ghost
  1708 | D        | Noticed Erica
  1710 | D        | Killed an orc sorcerer
  1724 | D        | Killed Erica
  1724 | D        | Reached skill level 14 in Shields
  1728 | D        | Killed a hungry ghost
  1838 | D        | Noticed a molten gargoyle
  1838 | D        | Noticed a komodo dragon
  1839 | D        | Noticed a hungry ghost
  1849 | D        | Killed a komodo dragon
  1849 | D        | Acquired Okawaru's second power
  1853 | D        | Killed a molten gargoyle
  1857 | D        | Killed a hungry ghost
  2071 | D        | Noticed an orc high priest
  2071 | D        | Noticed an orc warrior
  2071 | D        | Noticed a troll
  2071 | D        | Noticed a red devil
  2072 | D        | Noticed a centaur warrior
  2074 | D        | Killed a troll
  2081 | D        | Noticed a rust devil
  2081 | D        | Killed a centaur warrior
  2081 | D        | Reached XP level 11. HP: 97/99 MP: 9/11
  2082 | D        | Noticed a rust devil
  2088 | D        | Killed an orc warrior
  2093 | D        | Killed an orc high priest
  2093 | D        | Reached skill level 15 in Shields
  2111 | D        | Killed a red devil
  2439 | D        | Noticed a brain worm
  2439 | D        | Noticed a fire drake
  2439 | D        | Noticed a skeletal warrior
  2439 | D        | Noticed a skeletal warrior
  2439 | D        | Noticed a wolf
  2439 | D        | Noticed a giant frog
  2439 | D        | Noticed a tarantella
  2440 | D        | Noticed a fire bat
  2440 | D        | Noticed a siren
  2440 | D        | Noticed a komodo dragon
  2442 | D        | Noticed a skeletal warrior
  2445 | D        | Killed a giant frog
  2447 | D        | Killed a fire bat
  2450 | D        | Noticed a komodo dragon
  2456 | D        | Killed a tarantella
  2460 | D        | Killed a komodo dragon
  2462 | D        | Killed a fire drake
  2463 | D        | Killed a wolf
  2463 | D        | Received a gift from Okawaru
  2469 | D        | Slain by a skeletal warrior

Vault maps used:
D:        pitsprint

Action                   |  1- 3 |  4- 6 |  7- 9 | 10-12 || total
-------------------------+-------+-------+-------+-------++-------
Melee: War axe           |    38 |    30 |   140 |    92 ||   300
Invok: Heroism           |       |     1 |     8 |     5 ||    14
  Use: Potion            |     2 |       |     3 |     2 ||     7
  Eat: Chunk             |       |       |     1 |       ||     1
       Bread ration      |       |       |     1 |       ||     1
       Meat ration       |       |       |       |     1 ||     1
